 Dungeon Crawl Stone Soup version 0.20.1-1-g8b1a95d (webtiles) character file.

114 tmwrnj the Chopper (level 4, -2/40 HPs)
             Began as a Hill Orc Fighter on Nov 16, 2017.
             Was an Initiate of Beogh.
             Slain by an ogre
             ... wielding a +0 giant club
              (18 damage)
             ... on level 5 of the Dungeon.
             The game lasted 00:04:29 (2350 turns).

tmwrnj the Chopper (Hill Orc Fighter)               Turns: 2350, Time: 00:04:31

Health: -2/40      AC: 10    Str: 18    XL:     4   Next: 97%
Magic:  4/4        EV:  5    Int:  8    God:    Beogh [......]
Gold:   137        SH:  9    Dex: 11    Spells: 3/3 levels left

rFire    . . .     SeeInvis .   a - +0 war axe
rCold    . . .     Gourm    .   c - +0 shield
rNeg     . . .     Faith    .   r - +0 chain mail
rPois    .         Spirit   .   (no helmet)
rElec    .         Reflect  .   (no cloak)
rCorr    .         Harm     .   m - +0 pair of gloves
MR       .....                  (no boots)
Stlth    ..........             (no amulet)
Regen    0.2/turn               (no ring)
MPRegen  0.1/turn               (no ring)

@: no status effects
A: no striking features
a: Renounce Religion


You were on level 5 of the Dungeon.
You worshipped Beogh.
Beogh was noncommittal.
You were hungry.

You visited 1 branch of the dungeon, and saw 5 of its levels.

You collected 137 gold pieces.

Inventory:

Hand Weapons
 a - a +0 war axe (weapon)
Armour
 c - a +0 shield (worn)
 m - a +0 pair of gloves (worn)
 r - a +0 chain mail (worn)
Scrolls
 b - a scroll of amnesia {unknown}
 e - a scroll of fear {unknown}
 h - 2 scrolls of remove curse {unknown}
 j - a scroll of noise {unknown}
 l - a scroll of identify {unknown}
 n - a scroll of enchant weapon {unknown}
Potions
 d - a potion of might
 i - a potion of haste {unknown}
 k - a potion of degeneration {unknown}
 o - a potion of heal wounds {unknown}
Comestibles
 f - 2 bread rations
 g - 2 royal jellies
 p - a meat ration


   Skills:
 + Level 4.3 Fighting
 + Level 4.8 Axes
 + Level 3.8 Armour
 + Level 0.8 Dodging
 + Level 3.7 Shields


You had 3 spell levels left.
You didn't know any spells.

Dungeon Overview and Level Annotations

Branches:
Dungeon (4/15)
 Temple: D:4-7

Altars:


Message History

The ogre shouts!
Found a scroll labeled FUYCWEH MI COXTI.
You open the door.
Found 14 arrows and 8 gold pieces.
There is an open door here.
You see here 8 gold pieces. 2 gnolls come into view.
The gnoll shouts!
A gnoll comes into view. It is wielding a whip.
The gnoll shouts!
A gnoll comes into view. It is wielding a spear.
The gnoll shouts!
You hit the gnoll.
The gnoll is moderately wounded.
You slash the ogre! You block the gnoll's attack.
The ogre hits you with a giant club!!
Ouch! That really hurt!
The gnoll hits you from afar with a spear.
You block the gnoll's attack. x2; The ogre hits you with a giant club!!
You die...

♣≈≈ ###... PP≈♣♣♣# ....#
≈≈≈P♣.# ....# ##.
♣♣..##....#. ....
♣♣♣P........#. ##.....
≈.............. .#.....
.##.####....#!###.g.....
.##.# #.........ggg....
....# #.......O@.# ###.#
##........# #.#
#........# #O#
#........# #.#
#........#
###.######..$.....#
.........'..(.....+
....######........#
.#### #........#


You could see an ogre and 4 gnolls.

Vanquished Creatures
  A crimson imp (D:5)
  2 adders (D:2)
  A worm (D:2)
  2 dart slugs (D:1)
  A leopard gecko (D:2)
  4 orcs (D:3)
  4 giant cockroaches
  5 goblins
  2 hobgoblins
  2 jackals (D:1)
  2 quokkas (D:2)
  4 bats
  2 frilled lizards
  13 kobolds
  A quokka skeleton (D:5)
  7 rats
53 creatures vanquished.

Vanquished Creatures (others)
  An orc wizard (D:3)
  A kobold (D:3)
2 creatures vanquished.

Grand Total: 55 creatures vanquished

Notes
Turn   | Place    | Note
-------+----------+-------------------------------------------
     0 | D:1      | tmwrnj the Hill Orc Fighter began the quest for the Orb.
     0 | D:1      | Reached XP level 1. HP: 19/19 MP: 1/1
   225 | D:1      | Reached XP level 2. HP: 27/27 MP: 2/2
   681 | D:1      | Reached XP level 3. HP: 32/33 MP: 3/3
  1348 | D:2      | Found a faded altar of an unknown god.
  1565 | D:2      | Reached XP level 4. HP: 39/40 MP: 4/4
  2097 | D:3      | Became a worshipper of Beogh the Brigand
  2098 | D:3      | Noticed an orc warrior
  2306 | D:4      | You fall through a shaft!
  2306 | D:5      | Entered Level 5 of the Dungeon
  2323 | D:5      | Noticed an ogre
  2350 | D:5      | Slain by an ogre

Skill      XL: |  1  2  3 |
---------------+----------+-----
Axes           | 3 4 |  4.8
Fighting       | 4 |  4.3
Armour         | |  3.8
Dodging        | |  0.8
Shields        | |  3.7

Action                   |  1- 3 |  4- 6 || total
-------------------------+-------+-------++-------
Melee: War axe           |   109 |    56 ||   165
Invok: Convert to Beogh  |       |     1 ||     1
  Eat: Chunk             |     2 |     2 ||     4
Armor: Scale mail        |    52 |    16 ||    68
       Chain mail        |       |    28 ||    28
       Skin              |       |     1 ||     1
Dodge: Dodged            |    36 |    25 ||    61
Block: Shield            |    58 |    52 ||   110
